Map: [ESL] Royal Blood

Players

MaxPax

  • Race: Protoss Protoss
  • League: Master
  • Spawn Location: 7:00

Clem - Winner!

  • Race: Terran Terran
  • League: Grandmaster
  • Spawn Location: 1:00

VOD

Have the link to the VOD?

Description

Time

  • Played on: May 17, 2023, 10:33 a.m.
  • Length: 14:37
Show
View Real Time Build Order
Export as new Build Order

MaxPax Protoss 

Build Orders: 1 Gate Expand, Phoenix Opening 

Get SALT Encoding   

  12  0:00  Probe  
  13  0:12  Probe  
  14  0:17  Pylon  
  14  0:24  Probe (Chrono Boost)  
  15  0:36  Gateway, Probe (Chrono Boost)  
  16  0:44  Probe (Chrono Boost)  
  16  0:45  Assimilator  
  17  0:51  Probe  
  18  1:03  Probe  
  19  1:15  Probe  
  20  1:23  Cybernetics Core  
  20  1:34  Probe  
  20  1:39  Nexus  
  21  1:41  Pylon  
  21  1:46  Probe  
  22  1:48  Assimilator  
  22  1:56  Adept (Chrono Boost)  
  22  1:58  Probe  
  25  2:10  Probe  
  26  2:16  Adept (Chrono Boost)  
  28  2:23  Probe  
  28  2:26  Stargate  
  28  2:28  Shield Battery  
  29  2:35  Probe  
  29  2:36  Warp Gate  
  30  2:48  Probe (Chrono Boost)  
  30  2:51  Adept  
  33  2:53  Probe (Chrono Boost)  
  34  3:04  Probe x2 (Chrono Boost)  
  36  3:09  Probe (Chrono Boost)  
  36  3:11  Probe  
  38  3:17  Phoenix (Chrono Boost)  
  38  3:20  Probe  
  38  3:23  Probe  
  38  3:25  Gateway  
  38  3:26  Twilight Council  
  38  3:32  Probe  
  38  3:33  Phoenix (Chrono Boost)  
  39  3:37  Probe  
  42  3:41  Pylon  
  43  3:50  Probe  
  43  3:52  Pylon  
  40  3:56  Phoenix (Chrono Boost)  
  40  3:57  Probe  
  40  4:02  Probe  
  39  4:09  Probe  
  40  4:18  Probe  
  40  4:21  Probe  
  40  4:22  Charge (Chrono Boost)  
  40  4:30  Probe  
  41  4:32  Nexus  
  41  4:34  Probe  
  42  4:41  Zealot  
  42  4:43  Zealot  
  42  4:44  Probe  
  47  4:47  Probe  
  48  4:56  Probe  
  49  5:00  Gateway  
  49  5:02  Stalker  
  49  5:04  Stalker  
  54  5:08  Probe  
  54  5:10  Phoenix  
  54  5:12  Probe  
  57  5:20  Probe  
  57  5:21  Forge  
  58  5:24  Probe  
  59  5:34  Sentry  
  61  5:36  Pylon, Probe  
  61  5:42  Gateway  
  62  5:44  Gateway, Protoss Ground Weapons Level 1, Probe  
  62  5:47  Gateway  
  62  5:48  Probe  
  62  5:49  Sentry  
  66  5:50  Probe  
  66  5:56  Zealot, Probe  
  70  6:00  Probe  
  70  6:03  Gateway, Probe  
  72  6:06  Zealot  
  72  6:09  Pylon  
  72  6:10  Probe  
  75  6:18  Zealot  
  75  6:19  Gateway, Probe  
  75  6:22  Zealot  
  80  6:25  Phoenix  
  80  6:31  Probe, Pylon  
  82  6:38  Zealot x4  
  89  6:42  Zealot x2  
  93  6:52  Pylon  
  93  6:53  Pylon  
  93  6:55  Probe x2  
  93  6:56  Probe  
  96  7:09  Phoenix  
  96  7:13  Probe  
  97  7:19  Zealot x5  
  97  7:20  Zealot x3  
  97  7:21  Probe  
  115  7:22  Probe  
  115  7:23  Robotics Facility  
  115  7:25  Probe  
  114  7:33  Pylon, Probe  
  114  7:34  Phoenix  
  117  7:44  Pylon  
  117  7:46  Pylon  
  117  7:48  Assimilator  
  117  7:49  Protoss Ground Armor Level 1 (Chrono Boost), Assimilator  
  118  7:51  Probe  
  118  7:53  Zealot x3  
  124  8:02  Pylon  
  124  8:04  Pylon  
  124  8:05  Zealot x5  
  131  8:12  Pylon  
  131  8:15  Warp Prism (Chrono Boost), Pylon  
  131  8:19  Pylon  
  130  8:21  Robotics Bay  
  130  8:24  Zealot x3  
  130  8:25  Zealot x2  
  132  8:49  Nexus  
  132  8:51  Pylon  
  132  8:53  Observer, Zealot x7  
  145  8:59  Probe x3  
  144  9:07  Forge  
  144  9:11  Colossus (Chrono Boost)  
  147  9:19  Zealot x7  
  161  9:25  Pylon  
  135  9:48  Colossus (Chrono Boost), Zealot x6  
  125  10:10  Zealot x7  
  125  10:14  Cybernetics Core, Extended Thermal Lance  
  139  10:15  Gateway  
  139  10:26  Colossus (Chrono Boost)  
  143  10:34  Zealot x6  
  129  10:46  Zealot  
  111  10:52  Templar Archives  
  108  10:58  Zealot x3  
  120  11:05  Colossus (Chrono Boost)  
  120  11:11  Zealot x5  
  126  11:28  Protoss Ground Weapons Level 2 (Chrono Boost)  
  126  11:33  High Templar x2  
  126  11:34  High Templar x2  
  126  11:35  Zealot x4  
  126  11:38  Archon  
  126  11:39  Archon  
  142  11:41  Protoss Ground Armor Level 2 (Chrono Boost)  
  142  11:46  Pylon  
  142  11:49  Disruptor (Chrono Boost)  
  133  11:55  Zealot x3  
  133  11:56  Zealot  
  131  12:11  Zealot x4  
  142  12:23  Disruptor (Chrono Boost)  
  142  12:25  Stalker x3  
  142  12:26  Stalker  
  140  12:33  Stalker x2  
  113  13:04  Warp Prism (Chrono Boost)  
  113  13:05  Zealot x8  
  112  13:28  Zealot x8  
  112  13:33  Disruptor (Chrono Boost)  
  114  13:58  Zealot x2  
  114  13:59  Zealot x6  
Show
View Real Time Build Order
Export as new Build Order

Clem Terran - Winner!

Build Orders:  

Get SALT Encoding   

  12  0:00  SCV  
  13  0:12  SCV  
  14  0:16  Supply Depot  
  14  0:24  SCV  
  15  0:29  Refinery  
  15  0:38  SCV  
  16  0:45  Barracks  
  16  0:50  SCV  
  17  1:02  SCV  
  18  1:08  Engineering Bay  
  18  1:14  SCV  
  19  1:31  Marine  
  19  1:32  Orbital Command  
  20  1:37  Factory  
  20  1:44  Supply Depot  
  20  1:55  Barracks Reactor  
  20  1:57  SCV  
  21  2:09  SCV  
  22  2:17  Command Center  
  22  2:21  SCV  
  23  2:33  Hellion x2  
  23  2:36  Marine  
  28  2:38  Supply Depot  
  28  2:40  SCV  
  29  2:48  Barracks  
  29  2:53  SCV  
  30  3:00  Hellion  
  30  3:01  Hellion  
  30  3:04  Barracks Tech Lab  
  34  3:10  SCV  
  33  3:22  SCV  
  33  3:24  Refinery  
  34  3:29  Cyclone  
  34  3:32  Marine x2  
  39  3:34  SCV  
  39  3:35  Barracks Tech Lab  
  40  3:43  Barracks  
  40  3:46  SCV  
  41  3:52  Orbital Command  
  41  3:57  Marine x2  
  41  3:59  Marine  
  41  4:02  SCV  
  41  4:11  Stimpack  
  41  4:14  SCV  
  41  4:15  Marine x2  
  44  4:18  SCV  
  44  4:20  Supply Depot  
  43  4:26  Marine, SCV  
  43  4:30  SCV  
  46  4:33  Marine x2  
  46  4:34  Supply Depot  
  48  4:38  SCV  
  48  4:40  Combat Shield, Marine  
  48  4:42  SCV  
  51  4:46  Marine  
  51  4:47  Starport  
  51  4:48  Factory Reactor  
  51  4:51  SCV  
  53  4:55  Marine, SCV, Supply Depot  
  53  4:57  Marine  
  53  4:59  Marine  
  57  5:03  SCV  
  57  5:07  SCV, Refinery  
  58  5:08  Marine  
  58  5:12  Engineering Bay  
  58  5:13  Marine  
  61  5:15  SCV  
  61  5:16  Marine  
  61  5:19  SCV  
  61  5:20  Supply Depot  
  65  5:27  SCV  
  67  5:30  Medivac x2  
  67  5:34  Factory Reactor, Marauder x2  
  73  5:35  SCV  
  73  5:37  Marine  
  73  5:38  Marine  
  73  5:41  Terran Infantry Weapons Level 1  
  76  5:46  Missile Turret  
  76  5:47  Missile Turret  
  76  5:48  SCV  
  76  5:49  SCV  
  78  5:53  Missile Turret  
  78  5:58  Concussive Shells  
  78  5:59  Marine x2  
  78  6:00  SCV  
  78  6:01  Marauder  
  85  6:04  Marauder  
  85  6:08  Supply Depot  
  85  6:11  Refinery  
  85  6:15  Supply Depot  
  85  6:25  Command Center  
  85  6:26  Marine  
  85  6:29  Marine  
  85  6:30  Widow Mine x2  
  91  6:34  Supply Depot, Medivac  
  91  6:36  Medivac  
  95  6:40  Marauder  
  95  6:42  Marine  
  95  6:44  Marine  
  99  6:53  Barracks  
  99  6:54  Marine  
  99  6:55  Barracks  
  99  6:56  SCV x2  
  99  7:00  Supply Depot  
  102  7:03  Widow Mine  
  102  7:04  Widow Mine  
  106  7:09  Marauder  
  106  7:10  SCV  
  106  7:12  Marine  
  106  7:13  SCV  
  109  7:16  Medivac  
  109  7:22  SCV, Marauder  
  113  7:25  SCV  
  113  7:28  Widow Mine x2  
  113  7:29  Supply Depot  
  118  7:37  Marine  
  118  7:41  Supply Depot  
  118  7:42  Barracks Tech Lab  
  118  7:44  Barracks Reactor  
  118  7:45  Marine, SCV, Marauder, Medivac  
  118  7:48  Terran Infantry Armor Level 1  
  124  7:51  Orbital Command  
  124  7:56  Widow Mine x2  
  128  8:00  Supply Depot  
  128  8:01  Marauder  
  128  8:02  Marauder  
  132  8:05  Supply Depot  
  132  8:06  Marine  
  132  8:07  Marine, Orbital Command  
  132  8:12  Marauder  
  134  8:19  Supply Depot  
  133  8:21  Widow Mine x2  
  133  8:22  Marine  
  133  8:23  Marine, Marauder  
  133  8:24  SCV  
  133  8:25  SCV  
  138  8:28  Marine  
  138  8:30  Marine  
  137  8:35  SCV  
  137  8:36  SCV  
  137  8:37  SCV  
  137  8:38  Marauder  
  142  8:42  Marine x2  
  142  8:43  Armory  
  142  8:47  SCV  
  145  8:49  Marine x2, Widow Mine x2  
  145  8:51  Marine  
  147  8:56  Marine  
  147  8:58  SCV  
  147  8:59  Marauder  
  151  9:02  Medivac  
  151  9:03  Medivac  
  151  9:04  Marine  
  151  9:06  Marine  
  151  9:07  Marine  
  151  9:09  Marauder, Supply Depot  
  160  9:13  Marine  
  160  9:15  Ghost Academy  
  161  9:18  Widow Mine x2  
  161  9:20  Marine  
  161  9:22  Marauder, Supply Depot  
  168  9:25  SCV x2  
  168  9:26  SCV  
  165  9:35  Marauder  
  165  9:37  SCV x2  
  167  9:38  SCV  
  167  9:39  Marauder  
  167  9:40  Widow Mine  
  167  9:41  Widow Mine  
  167  9:45  Marine x2  
  170  9:48  Ghost  
  173  9:52  SCV  
  173  9:55  Medivac  
  173  9:56  Marine  
  172  10:00  Marine  
  172  10:01  SCV x2  
  172  10:02  Widow Mine  
  172  10:03  Ghost  
  176  10:07  Widow Mine  
  176  10:09  Refinery x2  
  176  10:12  Marine x2  
  172  10:14  Viking  
  172  10:20  Marine, Ghost  
  176  10:25  Viking  
  176  10:26  SCV  
  175  10:30  SCV  
  159  10:43  Ghost  
  159  10:44  Viking  
  159  10:46  SCV x2  
  153  10:50  SCV  
  153  10:51  Marine x2  
  153  10:55  Marine x2  
  158  10:58  SCV x2  
  158  11:02  SCV  
  161  11:05  Marine  
  161  11:08  Terran Infantry Weapons Level 2  
  161  11:10  SCV x2, Engineering Bay  
  162  11:14  SCV  
  162  11:17  Viking  
  163  11:20  Viking  
  163  11:22  Marauder, SCV  
  168  11:27  SCV  
  168  11:30  Marine x2  
  168  11:31  Marauder  
  168  11:32  Marine  
  172  11:36  Marauder  
  171  11:43  SCV, Ghost  
  174  11:48  Viking  
  174  11:49  SCV  
  174  11:52  SCV  
  174  11:53  Ghost  
  178  11:56  SCV  
  177  12:04  Ghost  
  177  12:06  Command Center  
  177  12:07  SCV  
  177  12:08  SCV  
  178  12:09  SCV  
  178  12:16  Viking  
  178  12:17  Supply Depot  
  178  12:19  Viking  
  180  12:31  Marine  
  180  12:32  SCV  
  181  12:40  Marine x4  
  181  12:42  Ghost  
  181  12:43  Marauder  
  189  12:44  SCV x2  
  189  12:45  SCV  
  162  12:59  Marine x2, Marauder  
  162  13:00  Marine  
  162  13:03  Marine  
  162  13:04  Marauder  
  139  13:08  Viking  
  139  13:09  Viking  
  139  13:11  Marauder  
  143  13:17  Marine x2  
  143  13:18  Marine  
  144  13:20  Marauder  
  144  13:21  Marine  
  144  13:26  Marauder  
  146  13:33  Marauder, Widow Mine x2  
  152  13:35  Marine  
  152  13:37  Marine  
  152  13:38  Marine, Viking x2  
  152  13:39  Marine  
  158  13:44  Marauder  
  158  13:47  Marauder  
  160  13:55  Widow Mine x2  
  160  13:56  Marine x2  
  160  13:57  Ghost  
  160  14:01  Marine, SCV  
  162  14:11  Marine x2  
  162  14:14  Marine, SCV  
  162  14:16  SCV  
  147  14:20  SCV  
Tags
 
Add a new tag
Caveats
  • Supply blocks, unpowered buildings, or Contaminate may cause inaccurate times.
  • Supply counts are checked every 10 seconds.